 Dungeon Crawl Stone Soup version 0.18.1-48-g4cf74bf (webtiles) character file.

7243 nikopol the Spear-Bearer (level 10, -9/91 HPs)
             Began as a Minotaur Berserker on July 16, 2016.
             Was a High Priest of Trog.
             Engulfed by an ice statue's freezing vapour (20 damage)
             ... in an ice cave on July 22, 2016.
             The game lasted 00:34:53 (7551 turns).

nikopol the Spear-Bearer (Minotaur Berserker)       Turns: 7551, Time: 00:34:53

Health: -9/91      AC: 12    Str: 22    XL:     10   Next: 88%
Magic:  9/9        EV: 16    Int:  4    God:    Trog [*****.]
Gold:   619        SH:  0    Dex: 13    Spells: 0 memorised, 9 levels left

rFire  . . .     SeeInvis .     c - +0 shortbow (flame)
rCold  . . .     Gourm    +     a - +3 leather armour {rPois}
rNeg   . . .     Faith    .     (shield currently unavailable)
rPois  +         Spirit   .     (helmet restricted)
rElec  .         Dismiss  .     M - +2 cloak {+Inv}
rCorr  .         Reflect  .     H - +0 pair of gloves
SustAt +         Harm     .     (no boots)
MR     +....                    g - amulet of the gourmand
Stlth  +.........               z - ring of sustain attributes
                                b - ring of protection from magic

@: somewhat resistant to hostile enchantments, very unstealthy
A: retaliatory headbutt, horns 2
a: Berserk, Trog's Hand, Brothers in Arms, Burn Spellbooks, Renounce Religion,
Evoke Invisibility


You were in an ice cave.
You worshipped Trog.
Trog was extremely pleased with you.
You were very full.

You visited 2 branches of the dungeon, and saw 9 of its levels.
You also visited: Ice Cave.

You collected 619 gold pieces.

Inventory:

Hand Weapons
 c - a +0 shortbow of flaming (weapon)
 x - a +2 spear of piercing
 R - a +2 vampiric trident
 U - a +2 trident of venom
Missiles
 q - 181 arrows (quivered)
Armour
 a - a +3 leather armour of poison resistance (worn)
 D - a +0 scale mail
 H - a +0 pair of gloves (worn)
 M - a +2 cloak of invisibility (worn)
Jewellery
 b - a ring of protection from magic (left hand)
 g - an amulet of the gourmand (around neck)
 r - an uncursed ring of flight
 z - a ring of sustain attributes (right hand)
 J - an uncursed ring of see invisible
Wands
 A - a wand of disintegration (19/24)
Scrolls
 e - 8 scrolls of teleportation
 k - 2 scrolls of identify
 l - 2 scrolls of fear
 n - 2 scrolls of amnesia
 o - 2 scrolls of immolation
 s - 4 scrolls of remove curse {unknown}
 y - 4 scrolls of recharging {unknown}
 B - a scroll of noise {unknown}
 F - 3 scrolls of enchant armour {unknown}
 G - 4 scrolls of random uselessness {unknown}
 I - 2 scrolls of fog {unknown}
 P - a scroll of blinking {unknown}
 V - a scroll of summoning {unknown}
Potions
 d - 3 potions of might
 f - a potion of cure mutation {unknown}
 h - 4 potions of heal wounds
 i - a potion of cancellation
 j - 2 potions of lignification
 m - a potion of agility {unknown}
 p - a potion of flight {unknown}
 u - 2 potions of curing
 v - 5 potions of degeneration
 w - 2 potions of magic
 E - 2 potions of brilliance
 O - 2 potions of beneficial mutation {unknown}
 Q - 2 potions of resistance {unknown}
Comestibles
 t - 4 beef jerkies
 C - a meat ration
 K - 2 slices of pizza
 L - 4 fruits
 N - 6 bread rations


   Skills:
 + Level 9.2 Fighting
 * Level 11.0 Polearms
 * Level 8.1 Bows
 + Level 8.8 Armour
 + Level 8.1 Dodging


You had 9 spell levels left.
You didn't know any spells.

Dungeon Overview and Level Annotations

Branches:
Dungeon (8/15)             Temple (0/1) D:5            Lair (1/8) D:8

Altars:
Ashenzari
Cheibriados
Elyvilon
Kikubaaqudgha
Pakellas
Ru
Sif Muna
Trog
The Shining One

Shops:
D:8 }

Annotations:
IceCv exclusion: ice statue


Innate Abilities, Weirdness & Mutations

You reflexively headbutt those who attack you in melee.
You have a pair of horns on your head.


Message History

The freezing blast misses you.
Firing (i - inventory):
q - 183 arrows (quivered)
Press: ? - help, Shift-Dir - straight line, f/p - ice statue
Aim: an ice statue (lightly damaged)
You shoot an arrow.
The arrow hits the ice statue but does no damage.
The ice statue is lightly damaged.
You are engulfed in freezing vapours.
Firing (i - inventory):
q - 182 arrows (quivered)
Press: ? - help, Shift-Dir - straight line, f/p - ice statue
Aim: an ice statue (lightly damaged)
You shoot an arrow. The arrow hits the ice statue.
The arrow melts the ice statue.
The ice statue is lightly damaged.
You are engulfed in freezing vapours.
The ice statue gestures at you. The bolt of cold hits you!
* * * LOW HITPOINT WARNING * * *
You are engulfed in freezing vapours.
You die...

#### ##..## ##....#
##.....## ##.......# ###
#..§§....## ..######
##..§§§§..# ...##..##
###...#§§...#
........###....§@##......
.∩.......#.......# ....#
.....##....##....## ..##
...#####.÷####....# 8#
..## #### #.....# # ###
##....# ##...## ##...#
##..#


There were no monsters in sight!

Vanquished Creatures
  Pikel (D:5)
  8 polar bears (IceCv)
  Grinder (D:4)
  A troll (D:8)
  Prince Ribbit (D:6)
  Sigmund (D:4)
  A wyvern (D:8)
  2 yaks (IceCv)
  A hippogriff (Lair:1)
  Eustachio (D:6)
  Edmund (D:4)
  Menkaure (D:5)
  An orc warrior (D:8)
  4 sky beasts
  2 eyes of draining (D:4)
  A phantom (D:7)
  4 slaves (D:5)
  A black bear (D:7)
  3 ogres
  A necrophage (D:6)
  2 centaurs
  5 wolves (IceCv)
  2 gnoll sergeants (D:5)
  2 giant frogs
  A wyvern zombie (D:6)
  2 scorpions
  6 killer bees (D:8)
  4 wights (D:7)
  A howler monkey (D:5)
  A crimson imp (D:6)
  3 orc priests
  Crazy Yiuf (D:4)
  3 jellies
  An iguana (D:5)
  5 worker ants
  2 hound skeletons (D:4)
  Robin (D:2)
  2 howler monkey zombies (D:6)
  13 gnolls
  8 adders
  2 shadow imps
  3 oozes
  An adder skeleton (D:8)
  An adder zombie (D:6)
  A worm (D:4)
  3 giant geckos
  21 orcs
  5 giant cockroaches
  18 goblins
  11 hobgoblins
  10 jackals
  4 quokkas
  2 ball pythons
  11 bats
  A giant gecko skeleton (D:8)
  A giant gecko zombie (D:7)
  5 giant newts
  4 kobolds
  5 rats
211 creatures vanquished.

Notes
Turn   | Place    | Note
--------------------------------------------------------------
     0 | D:1      | nikopol the Minotaur Berserker began the quest for the Orb.
     0 | D:1      | Reached XP level 1. HP: 19/19 MP: 0/0
    52 | D:1      | Reached XP level 2. HP: 10/27 MP: 1/1
   119 | D:1      | Reached skill level 4 in Polearms
   490 | D:1      | Reached XP level 3. HP: 33/33 MP: 2/2
   548 | D:1      | Reached ** piety under Trog
  1539 | D:2      | Found a glowing golden altar of the Shining One.
  1652 | D:2      | Noticed Robin
  1659 | D:2      | Reached XP level 4. HP: 40/40 MP: 3/3
  1672 | D:2      | Killed Robin
  2146 | D:3      | Reached *** piety under Trog
  2323 | D:3      | Reached XP level 5. HP: 47/47 MP: 4/4
  2470 | D:3      | Reached skill level 5 in Polearms
  2526 | D:3      | Found a deep blue altar of Sif Muna.
  2527 | D:3      | Found an oddly glowing altar of Pakellas.
  2527 | D:3      | Found a snail-covered altar of Cheibriados.
  2537 | D:3      | Found an ancient bone altar of Kikubaaqudgha.
  3124 | D:4      | Noticed Sigmund
  3130 | D:4      | Reached skill level 5 in Fighting
  3135 | D:4      | Reached XP level 6. HP: 53/56 MP: 5/5
  3143 | D:4      | Killed Sigmund
  3348 | D:4      | Reached **** piety under Trog
  3349 | D:4      | Noticed Edmund
  3360 | D:4      | Killed Edmund
  3360 | D:4      | Reached skill level 5 in Armour
  3360 | D:4      | Reached XP level 7. HP: 62/62 MP: 6/6
  3427 | D:4      | Reached skill level 6 in Polearms
  3427 | D:4      | Reached skill level 5 in Dodging
  3494 | D:4      | Noticed Grinder
  3499 | D:4      | Killed Grinder
  3528 | D:4      | Noticed Crazy Yiuf
  3545 | D:4      | Killed Crazy Yiuf
  3581 | D:4      | Found a bloodstained altar of Trog.
  3587 | D:4      | Reached XP level 8. HP: 66/71 MP: 0/7
  3698 | D:5      | Entered Level 5 of the Dungeon
  3712 | D:5      | Noticed Menkaure
  3723 | D:5      | Killed Menkaure
  3723 | D:5      | Reached skill level 7 in Polearms
  3723 | D:5      | Reached skill level 1 in Bows
  3805 | D:5      | Found a staircase to the Ecumenical Temple.
  4093 | D:5      | Found a shattered altar of Ashenzari.
  4122 | D:5      | Noticed Pikel
  4164 | D:5      | Killed Pikel
  4334 | D:5      | Reached XP level 9. HP: 79/79 MP: 8/8
  4340 | D:5      | Reached ***** piety under Trog
  4424 | D:5      | Received a gift from Trog
  4424 | D:5      | Reached skill level 8 in Polearms
  4683 | D:5      | Found a sacrificial altar of Ru.
  4683 | D:5      | Found a white marble altar of Elyvilon.
  4942 | D:6      | Noticed Eustachio
  4963 | D:6      | Killed Eustachio
  5049 | D:6      | Reached skill level 5 in Bows
  5116 | D:6      | Noticed Prince Ribbit
  5123 | D:6      | Killed Prince Ribbit
  5163 | D:6      | Reached skill level 9 in Polearms
  5253 | D:6      | Received a gift from Trog
  5311 | D:6      | Found an oddly glowing altar of Pakellas.
  6085 | D:8      | Found Teihos's Gadget Emporium.
  6093 | D:8      | Reached XP level 10. HP: 90/90 MP: 9/9
  6134 | D:8      | Found a staircase to the Lair.
  6789 | Lair:1   | Entered Level 1 of the Lair of Beasts
  6795 | Lair:1   | Reached skill level 10 in Polearms
  6817 | Lair:1   | Found a frozen archway.
  6829 | IceCv    | Entered an ice cave
  7227 | IceCv    | Received a gift from Trog
  7455 | IceCv    | Reached skill level 11 in Polearms
  7542 | IceCv    | Noticed an ice statue
  7551 | IceCv    | Engulfed by an ice statue's freezing vapour

Skill      XL: |  1  2  3  4  5  6  7  8  9 10 |
---------------+-------------------------------+-----
Polearms       | 4 5 6 7 9 11 | 11.0
Armour         | 3 4 5 6 7 8 |  8.8
Fighting       | 4 5 6 7 8 9 |  9.2
Dodging        | 3 4 5 6 7 8 |  8.1
Bows           | 3 6 8 |  8.1

Action                   |  1- 3 |  4- 6 |  7- 9 | 10-12 || total
-------------------------+-------+-------+-------+-------++-------
Melee: Spear             |    88 |    77 |   156 |   126 ||   447
       Headbutt          |     7 |    15 |    50 |    30 ||   102
       Halberd           |       |    38 |    69 |       ||   107
       Trident           |       |       |    55 |       ||    55
 Fire: Shortbow          |       |       |   122 |    62 ||   184
Invok: Berserk           |     1 |     2 |     4 |     2 ||     9
       Burn Spellbooks   |       |     2 |       |       ||     2
  Use: Scroll            |       |       |     9 |     5 ||    14
 Stab: Sleeping          |     2 |       |       |       ||     2
  Eat: Chunk             |     2 |     7 |    28 |     6 ||    43
Armor: Animal skin       |     5 |     5 |       |       ||    10
       Scale mail        |       |    28 |    57 |       ||    85
       Leather armour    |       |       |    16 |    39 ||    55
Dodge: Dodged            |    45 |    47 |   109 |    80 ||   281
